 Dungeon Crawl Stone Soup version 0.28.0-47-ge53b351184 (webtiles) character file.

Game seed: 9923938565519008565

49 sanboga the Shield-Bearer (level 3, 0/24 HPs)
             Began as a Gargoyle Fighter on May 6, 2022.
             Slain by Natasha (4 damage)
             ... on level 2 of the Dungeon.
             The game lasted 00:01:02 (805 turns).

sanboga the Shield-Bearer (Gargoyle Fighter)         Turns: 805, Time: 00:01:03

Health: 0/24       AC: 10    Str: 21    XL:     3   Next: 75%
Magic:  3/3        EV:  9    Int:  8    God:
Gold:   97         SH:  4    Dex:  9    Spells: 2/2 levels left

rFire   . . .      SeeInvis .   a - +0 war axe
rCold   . . .      Faith    .   c - +0 buckler
rNeg    + . .      Spirit   .   b - +0 scale mail
rPois   ∞          Reflect  .   (no helmet)
rElec   +          Harm     .   (no cloak)
rCorr   .          Rampage  .   (no gloves)
Will    .....                   (no boots)
Stlth   ..........              (no amulet)
HPRegen 0.08/turn               (no ring)
MPRegen 0.08/turn               (no ring)

@: slowed, very slow
A: sickness immunity, AC +3, negative energy resistance 1, electricity
resistance, torment resistance 1, petrification resistance
a: no special abilities


You were on level 2 of the Dungeon.
You visited 1 branch of the dungeon, and saw 2 of its levels.

You collected 97 gold pieces.

Inventory:

Hand Weapons
 a - a +0 war axe (weapon)
Armour
 b - a +0 scale mail (worn)
 c - a +0 buckler (worn)
Scrolls
 e - a scroll of teleportation {unknown}
 g - a scroll of holy word {unknown}
 h - a scroll of enchant weapon {unknown}
 j - a scroll of identify {unknown}
Potions
 d - a potion of might
 f - a potion of degeneration {unknown}
 i - a potion of attraction {unknown}


   Skills:
 + Level 3.7 Fighting
 * Level 2.6 Axes
 + Level 3.7 Armour
 + Level 3.7 Shields


You had 2 spell levels left.
You didn't know any spells.
Your spell library was empty.

Dungeon Overview and Level Annotations

Branches:
Dungeon (2/15)

Altars:

Annotations:
D:2 Natasha


Innate Abilities, Weirdness & Mutations

You are immune to sickness and miasma.
Your stone body is resilient. (AC +3)
You are immune to poison.
You resist negative energy. (rN+)
You are resistant to electric shocks. (rElec)
You are resistant to unholy torment.
You are immune to petrification.


Message History

Natasha stares at you and mumbles some strange words.
You feel as though you will be slow longer.
Natasha barely misses you.
You hit Natasha but do no damage.
Natasha is severely wounded.
Natasha claws you but does no damage. Natasha misses you.
You hit Natasha.
Natasha is almost dead.
Natasha mumbles some strange words.
Natasha stares at you and mumbles some strange words.
You feel as though you will be slow longer.
You closely miss Natasha.
Natasha is almost dead.
You hit the white imp. Natasha claws you but does no damage.
The white imp hits you but does no damage.
Natasha casts a spell at you.
The magic dart hits you but does no damage.
The white imp hits you but does no damage.
You slash Natasha!
You kill Natasha!
Natasha screams in pain as she dies!
The white imp disappears in a puff of smoke!
No target in view!
No target in view!
No target in view!
You start resting.
Natasha, Servant of Life and Death comes into view.
Natasha moves out of view.
Natasha drinks a potion.
Natasha seems to grow stronger.
You hit Natasha.
Natasha is moderately wounded.
Natasha claws you!
* * * LOW HITPOINT WARNING * * *
Natasha casts a spell at you. The magic dart hits you.
* * * LOW HITPOINT WARNING * * *
You barely miss Natasha.
Natasha is moderately wounded.
Natasha barely misses you. Natasha claws you.
You die...

### #. #.#
.#...###.#######
......h@........
.....###.#######
..... #.##### #
.. #.....#
..###.#.#.####.#
...............#
#+#.##...#.######
#...##...#.#
##.......#.#


You could see Natasha (strong).

Vanquished Creatures
  Natasha (D:2)
  An adder (D:2)
  3 endoplasms
  2 hobgoblins (D:1)
  A kobold (D:1)
  4 ball pythons
  3 bats
  A frilled lizard (D:1)
  A rat (D:1)
  3 toadstools (D:1)
20 creatures vanquished.

Vanquished Creatures (others)
  A toadstool (D:1)
1 creature vanquished.

Grand Total: 21 creatures vanquished

Notes
Turn   | Place    | Note
-------+----------+-------------------------------------------
     0 | D:1      | sanboga the Gargoyle Fighter began the quest for the Orb.
     0 | D:1      | Reached XP level 1. HP: 14/14 MP: 1/1
   329 | D:1      | Reached XP level 2. HP: 19/19 MP: 2/2
   762 | D:2      | Reached XP level 3. HP: 23/23 MP: 3/3
   766 | D:2      | Identified the +3 leather armour of Too Many Cooks {rC+++
                  | rCorr MP+9 Dex-2}
   782 | D:2      | Noticed Natasha
   794 | D:2      | Killed Natasha
   801 | D:2      | Noticed Natasha
   805 | D:2      | Slain by Natasha

Illustrated notes

Levels and vault maps discovered:
D:1:      ldierk_water_garden, layout_rooms
D:2:      layout_basic, basic_altar, minmay_ruptured, uniq_natasha

Skill      XL: |  1 |
---------------+----+-----
Axes           | 2 |  2.6
Fighting       | |  3.7
Armour         | |  3.7
Shields        | |  3.7

Action                   || total
-------------------------++-------
Melee: War axe           ||    67
Armor: Scale mail        ||    43
Dodge: Dodged            ||    34
Block: Buckler           ||    13
